 Dungeon Crawl Stone Soup version 0.26-a0-651-gb41185065b (webtiles) character file.

Game seed: 12438473690759029143

13297 lunkers the Fighter (level 11, -5/96 HPs)
             Began as a Demonspawn Ice Elementalist on Sept 29, 2020.
             Was a Priest of Ashenzari.
             Slain by an ice beast (7 damage)
             ... summoned by an ice statue
             ... in an ice cave on Sept 30, 2020.
             The game lasted 00:29:26 (12614 turns).

lunkers the Fighter (Demonspawn Ice Elementalist)  Turns: 12614, Time: 00:29:27

Health: -5/96      AC: 10    Str:  9    XL:     11   Next: 73%
Magic:  20/20      EV: 15    Int: 26    God:    Ashenzari [***...]
Gold:   811        SH: 16    Dex: 13    Spells: 11/22 levels left

rFire    . . .     SeeInvis +   j - +2 dagger (elec) (curse)
rCold    . . .     Faith    .   h - +0 kite shield (curse)
rNeg     . . .     Spirit   .   s - +2 leather armour {rPois} (curse)
rPois    +         Reflect  +   (no helmet)
rElec    .         Harm     .   (no cloak)
rCorr    .         Rampage  .   (no gloves)
MR       .....                  w - +1 pair of boots (curse)
Stlth    ++........             F - amulet of reflection (curse)
HPRegen  0.26/turn              J - +6 ring of intelligence (curse)
MPRegen  0.17/turn              m - +4 ring of evasion (curse)

@: no status effects
A: hooves 1, rot immunity, sharp scales 3
a: Curse Item, Scrying, Renounce Religion


You were in an ice cave.
You worshipped Ashenzari.
Ashenzari was most pleased with you.
You visited 2 branches of the dungeon, and saw 11 of its levels.
You also visited: Ossuary and Ice Cave.

You collected 811 gold pieces.

Inventory:

Hand Weapons
 b - the cursed +0 spear of the Vendetta {venom, rF+ Str+4}
   (You found it on level 6 of the Dungeon)

   It poisons the flesh of those it strikes.
   It affects your strength (+4).
   It protects you from fire.
   It has a curse placed upon it.
 j - a cursed +2 dagger of electrocution (weapon)
 G - the +7 short sword of Dissatisfaction {vorpal, *Noise +Blink rC+ Str+7}
   (You found it on level 6 of the Dungeon)

   It inflicts extra damage upon your enemies.
   It affects your strength (+7).
   It protects you from cold.
   It lets you blink.
   It may make noises in combat.
Armour
 h - a cursed +0 kite shield (worn)
 s - a cursed +2 leather armour of poison resistance (worn)
 w - a cursed +1 pair of boots (worn)
 H - a +1 leather armour of magic resistance
Magical Staves
 q - an uncursed staff of death
Jewellery
 m - a cursed +4 ring of evasion (right hand)
 F - a cursed amulet of reflection (around neck)
 I - an uncursed amulet of magic regeneration
 J - a cursed +6 ring of intelligence (left hand)
Wands
 l - a wand of disintegration (3)
 r - a wand of iceblast (2)
 u - a wand of digging (7)
 D - a wand of paralysis (10)
Scrolls
 a - a scroll of blinking
 c - 2 scrolls of enchant armour
 d - 6 scrolls of remove curse
 e - a scroll of silence
 i - 8 scrolls of teleportation
 p - 2 scrolls of amnesia
 t - a scroll of enchant weapon
 y - a scroll of fog
 K - a scroll of identify
 L - a scroll of random uselessness {unknown}
Potions
 f - 12 potions of curing
 g - 2 potions of lignification
 k - 5 potions of brilliance
 n - 7 potions of flight
 o - a potion of haste
 v - 2 potions of heal wounds
 x - 5 potions of might
 z - a potion of resistance
 A - a potion of stabbing
 B - 2 potions of mutation
 C - a potion of berserk rage
 E - a potion of magic


   Skills:
 + Level 12.3 Fighting
 - Level 2.2(4.4) Short Blades
 - Level 1.7 Dodging
 - Level 1.7 Stealth
 + Level 9.7(11.5) Shields
 - Level 6.0 Spellcasting
 - Level 9.0(11.8) Ice Magic


You had 11 spell levels left.
You knew the following spells:

 Your Spells              Type           Power        Failure   Level
a - Freeze                Ice            ####         1%          1
b - Frozen Ramparts       Ice            ######       1%          3
c - Ozocubu's Armour      Ice            ######..     1%          3
d - Summon Ice Beast      Ice/Summ       #####...     12%         4

Your spell library contained the following spells:

 Spells                   Type           Power        Failure   Level
 Hailstorm                Conj/Ice       #####...     12%         4
 Animate Skeleton         Necr           #.....       13%         1
 Apportation              Tloc           #.....       13%         1
 Corona                   Hex            #......      13%         1
 Pain                     Necr           #...         13%         1
 Summon Small Mammal      Summ           #...         13%         1
 Metabolic Englaciation   Hex/Ice        #####.....   34%         5
 Confusing Touch          Hex            #.......     36%         3
 Gell's Gravitas          Tloc           #.........   36%         3
 Ignite Poison            Fire/Tmut/Pois #.......     36%         3
 Vampiric Draining        Necr           #.........   36%         3
 Animate Dead             Necr           #.........   78%         4
 Petrify                  Tmut/Erth      #.......     78%         4
 Agony                    Necr           #.......     98%         5
 Fireball                 Conj/Fire      #.........   98%         5
 Yara's Violent Unravell  Hex/Tmut       #.........   98%         5
 Starburst                Conj/Fire      #.........   100%        6
 Ignition                 Fire           #.........   100%        8


Dungeon Overview and Level Annotations

Branches:
Dungeon (10/15)            Temple (0/1) D:6            Lair (1/6) D:9
Ossuary (visited)           IceCv (1/1)
    Orc: D:9-12

Altars:
Ashenzari
Dithmenos
Hepliaklqana
Kikubaaqudgha
Makhleb
Nemelex Xobeh
Ru
Trog
Wu Jian
Xom
Yredelemnul

Annotations:
D:5 2 runed translucent doors, Dabura's ghost, novice HuBe IceCv exclusion: ice statue


Innate Abilities, Weirdness & Mutations

You have large cloven feet.
You are immune to rotting.
You are completely covered in razor-sharp scales. (AC +3, Slay +3)


Message History

The ice statue is severely damaged.
You are engulfed in freezing vapours.
* * * LOW HITPOINT WARNING * * *
The ice statue gestures.
You hit the ice statue but do no damage.
The ice statue is severely damaged.
You are engulfed in freezing vapours.
* * * LOW HITPOINT WARNING * * *
The ice statue gestures at you. The bolt of cold hits you!
* * * LOW HITPOINT WARNING * * *
The bolt of cold hits the ice beast.
The ice beast completely resists.
The ice beast misses you. The ice beast closely misses you.
Evoke which item? (* to show all) (? for menu, Esc to quit)
Okay, then.
The ice beast hits you.
* * * LOW HITPOINT WARNING * * *
The ice beast freezes you!
You die...

* ≈ * ##.. **##...*
##..# ###..#* ##8...###
### #.......### ###.#
###.......### #...#####
##.Y......##
##.......#######@......#
...###.......###.......#
.### ###........#.....##
.# * ##............## ##
* ##..........## .# *
##.#....#.## ##
####..#### .## *##..#
#.# ≈ ##..##


You could see an ice statue and an ice beast (summoned).

Vanquished Creatures
  A two-headed ogre (D:8)
  A tengu conjurer (D:10)
  3 trolls
  A hornet (D:8)
  6 polar bears (IceCv)
  A hippogriff (D:10)
  A wraith (D:8)
  Sigmund (D:3)
  10 yaks
  2 wyverns
  Grum (D:8)
  Edmund (D:4)
  Menkaure (D:5)
  A soldier ant (D:10)
  An acid dragon (D:8)
  4 water moccasins
  A black bear (D:7)
  8 orc warriors
  5 ice beasts
  3 sky beasts
  2 ogres
  5 centaurs
  10 wolves
  2 crocodiles
  2 bullfrogs
  A gnoll sergeant (D:10)
  A wyvern skeleton (D:10)
  A water moccasin zombie (D:10)
  4 scorpions
  6 killer bees
  3 electric eels (D:9)
  4 howler monkeys
  A bullfrog zombie (D:8)
  A centaur skeleton (D:10)
  A jelly (D:10)
  A quasit (D:7)
  12 orc priests
  A bullfrog skeleton (D:4)
  4 hounds
  14 orc wizards
  3 worker ants
  2 killer bee zombies
  8 mummies (Ossuary)
  11 adders
  5 gnolls (D:10)
  A shadow imp (D:5)
  9 white imps
  2 ufetubi
  An ooze (D:2)
  An adder skeleton (D:5)
  An adder zombie (D:5)
  2 worms
  4 dart slugs
  8 leopard geckos
  30 orcs
  3 giant cockroaches
  3 gnoll zombies (Ossuary)
  3 goblins
  4 hobgoblins
  18 jackals
  2 quokkas
  A ball python (D:3)
  2 bats
  5 frilled lizards
  2 hobgoblin zombies (Ossuary)
  9 kobolds
  A kobold zombie (Ossuary)
  2 leopard gecko skeletons
  2 orc zombies (Ossuary)
  5 rats
279 creatures vanquished.

Vanquished Creatures (collateral kills)
  A wolf (IceCv)
  3 white imps (Lair:1)
4 creatures vanquished.

Vanquished Creatures (others)
  A white imp (Lair:1)
1 creature vanquished.

Grand Total: 284 creatures vanquished

Notes
Turn   | Place    | Note
-------+----------+-------------------------------------------
     0 | D:1      | lunkers the Demonspawn Ice Elementalist began the quest for
                  | the Orb.
     0 | D:1      | Reached XP level 1. HP: 13/13 MP: 3/3
   206 | D:1      | Gained mutation: You are partially covered in razor-sharp
                  | scales. (AC +1, Slay +1) [demonic ancestry]
   206 | D:1      | Reached XP level 2. HP: 19/19 MP: 0/5
  1658 | D:2      | Gained mutation: You are mostly covered in razor-sharp
                  | scales. (AC +2, Slay +2) [demonic ancestry]
  1658 | D:2      | Reached XP level 3. HP: 9/24 MP: 1/6
  2071 | D:2      | Reached XP level 4. HP: 30/30 MP: 6/8
  2181 | D:2      | Found a shimmering altar of Xom.
  2182 | D:2      | Found a hazy altar of Hepliaklqana.
  2183 | D:2      | Noticed a spectral ugly thing
  2183 | D:2      | Noticed a hell beast
  2557 | D:2      | Found a burning altar of Makhleb.
  2802 | D:3      | Noticed Sigmund
  2820 | D:2      | Learned a level 3 spell: Frozen Ramparts
  2824 | D:2      | Learned a level 3 spell: Ozocubu's Armour
  2870 | D:3      | Killed Sigmund
  2870 | D:3      | Reached skill level 5 in Ice Magic
  2870 | D:3      | Reached XP level 5. HP: 35/35 MP: 2/10
  3235 | D:4      | Reached XP level 6. HP: 41/41 MP: 6/11
  3838 | D:4      | Noticed Edmund
  3846 | D:4      | Killed Edmund
  3846 | D:4      | Reached XP level 7. HP: 35/46 MP: 8/13
  3944 | D:4      | Found a bloodstained altar of Trog.
  4375 | D:5      | Entered Level 5 of the Dungeon
  4489 | D:5      | Found a broken altar of Ashenzari.
  4515 | D:5      | Found a sacrificial altar of Ru.
  4566 | D:5      | Became a worshipper of Ashenzari the Shackled
  4592 | D:5      | Found a runed translucent door.
  4603 | D:5      | Noticed Dabura's ghost (novice HuBe)
  4667 | D:5      | Found a runed translucent door.
  5223 | D:5      | Found a basalt altar of Yredelemnul.
  5229 | D:5      | Found a sparkling altar of Nemelex Xobeh.
  5378 | D:5      | Reached skill level 5 in Spellcasting
  5610 | D:5      | Gained mutation: You have large cloven feet. [demonic
                  | ancestry]
  5610 | D:5      | Reached XP level 8. HP: 52/52 MP: 5/15
  5701 | D:5      | Noticed Menkaure
  5705 | D:5      | Killed Menkaure
  5955 | D:6      | Found a sand-covered staircase.
  5989 | Ossuary  | Entered an ossuary
  6228 | Ossuary  | Reached skill level 1 in Fighting
  6618 | D:6      | Reached skill level 1 in Short Blades
  6671 | D:6      | Found a staircase to the Ecumenical Temple.
  6673 | D:6      | Identified the cursed +0 spear of the Vendetta {venom, rF+
                  | Str+4}
  6717 | D:6      | Reached * piety under Ashenzari
  6738 | D:6      | Reached skill level 1 in Shields
  6800 | D:6      | Reached skill level 2 in Fighting
  6849 | D:6      | Found an ornate altar of the Wu Jian Council.
  6884 | D:6      | Identified the +7 short sword of Dissatisfaction {vorpal,
                  | *Noise +Blink rC+ Str+7}
  6981 | D:6      | Reached skill level 9 in Fighting
  6981 | D:6      | Gained mutation: You are immune to rotting. [demonic
                  | ancestry]
  6981 | D:6      | Reached XP level 9. HP: 78/78 MP: 17/17
  7999 | D:8      | Noticed Grum
  8008 | D:8      | Gained mutation: You are completely covered in razor-sharp
                  | scales. (AC +3, Slay +3) [demonic ancestry]
  8008 | D:8      | Reached XP level 10. HP: 70/85 MP: 14/18
  8009 | D:8      | Killed Grum
  8078 | D:8      | Reached ** piety under Ashenzari
  8090 | D:8      | Reached skill level 10 in Fighting
  8172 | D:8      | Found an ancient bone altar of Kikubaaqudgha.
  8745 | D:8      | Noticed a two-headed ogre
  8759 | D:8      | Killed a two-headed ogre
  9313 | D:9      | Found a shadowy altar of Dithmenos.
  9804 | D:9      | Reached skill level 11 in Fighting
  9856 | D:9      | Reached XP level 11. HP: 87/93 MP: 17/20
  9864 | D:9      | Found a staircase to the Lair.
 10330 | D:9      | Learned a level 4 spell: Summon Ice Beast
 10609 | D:10     | Entered Level 10 of the Dungeon
 10831 | D:10     | Reached *** piety under Ashenzari
 11759 | Lair:1   | Entered Level 1 of the Lair of Beasts
 11793 | Lair:1   | Found a frozen archway.
 11865 | IceCv    | Entered an ice cave
 11879 | IceCv    | Reached skill level 12 in Fighting
 12614 | IceCv    | HP: 2/96 [ice beast[an ice statue] (4)]
 12614 | IceCv    | Slain by an ice beast

Illustrated notes

Levels and vault maps discovered:
D:1:      dpeg_arrival_tiny_a, layout_basic, minmay_octomino_c4
D:2:      layout_basic, regret_index_temple_of_mockery, lemuel_round_altar
D:3:      layout_loops_cross, uniq_sigmund
D:4:      layout_loops_cross, kennysheep_mini_moat, uniq_edmund
D:5:      layout_gridville, ashenzari_conservatory_becter,
          overflow_temple_1_default, amethyst_overflow_temple_binary,
          ebering_ghost_sewer_f, minmay_splitting_lines, uniq_menkaure
D:6:      layout_rooms, kennysheep_mini, minmay_temple_entry_offerings,
          nicolae_ossuary_entry_ruins, minmay_liquid_box
D:7:      layout_rooms, dk_noncrumbling_3
D:8:      layout_loops_cross, lemuel_round_altar, minmay_diamond_spiral,
          uniq_grum
D:9:      layout_basic, old_standard_altar, erik_lair_island
D:10:     layout_irregular_city, serial_column_ruins, column_ruins_hut_pillars,
          column_ruins_hut, column_ruins_grid_1, column_ruins_corridor_plus,
          column_ruins_grid_3, column_ruins_columns_corner,
          column_ruins_columns_dead_end, st_stairs_10
Lair:1:   layout_layer_cave, portal_ice_cave_entry_imps, serial_bayou_shore_b
IceCv:    ice_cave_small_giant

Skill      XL: |  1  2  3  4  5  6  7  8  9 10 11 |
---------------+----------------------------------+-----
Ice Magic      | 4 5 6 7 8 9 |  9.0
Spellcasting   | 3 4 5 6 |  6.0
Fighting       | 9 11 12 | 12.3
Short Blades   | 1 2 |  2.2
Shields        | 6 8 9 |  9.7
Dodging        | |  1.7
Stealth        | |  1.7

Action                   |  1- 3 |  4- 6 |  7- 9 | 10-12 || total
-------------------------+-------+-------+-------+-------++-------
Melee: Unarmed           |    10 |       |       |       ||    10
       Dagger            |       |    49 |   123 |   218 ||   390
 Cast: Freeze            |    59 |    44 |    64 |    83 ||   250
       Frozen Ramparts   |       |     3 |    13 |    31 ||    47
       Ozocubu's Armour  |       |       |     7 |     5 ||    12
       Summon Ice Beast  |       |       |       |     7 ||     7
Invok: Curse Item        |       |       |     6 |     1 ||     7
Evoke: Wand              |       |       |     3 |     6 ||     9
  Use: Scroll            |       |       |    15 |     8 ||    23
       Potion            |       |       |     1 |       ||     1
 Stab: Sleeping          |       |       |       |     1 ||     1
Armor: Robe              |    14 |     9 |       |       ||    23
       Leather armour    |       |     2 |    55 |    64 ||   121
Dodge: Dodged            |    30 |    55 |    87 |   145 ||   317
Block: Kite shield       |       |       |    70 |   264 ||   334
       Reflection        |       |       |     1 |     9 ||    10

Table legend: (Time is in decaauts)
 A = Elapsed time spent in this place.
 B = Non-inter-level travel time spent in this place.
 C = Inter-level travel time spent in this place.
 D = Time resting spent in this place.
 E = Time spent auto-exploring this place.
 F = Levels seen in this place.
 G = Mean time per level.
                   A        B        C        D        E       F      G
               +--------+--------+--------+--------+--------+-----+--------+
         Total |  12581 |  12196 |    385 |    484 |   9521 |  13 |  967.8 |
       Dungeon |  11189 |  10805 |    384 |    198 |   8888 |  10 | 1118.9 |
          Lair |    102 |    102 |      0 |     34 |      0 |   1 |  102.0 |
       Ossuary |    553 |    553 |      0 |    178 |    149 |   1 |  553.0 |
      Ice Cave |    737 |    737 |      0 |     74 |    484 |   1 |  737.0 |
               +--------+--------+--------+--------+--------+-----+--------+

Top non-repeatable levels by time:
     D:9: 1732 daAuts
     D:5: 1521 daAuts
     D:1: 1471 daAuts
     D:8: 1374 daAuts
     D:2: 1160 daAuts
     D:4: 1136 daAuts
    D:10: 1105 daAuts
   IceCv: 737 daAuts
     D:3: 606 daAuts
     D:6: 556 daAuts
 Ossuary: 553 daAuts
     D:7: 523 daAuts
  Lair:1: 102 daAuts
